 Dungeon Crawl Stone Soup version 0.17.1-1-g73c8601 (webtiles) character file.

18 yevrey the Ruffian (level 2, 0/25 HPs)
             Began as a Naga Transmuter on Jan 11, 2016.
             Slain by a hobgoblin
             ... wielding a +0 whip
              (4 damage)
             ... on level 1 of the Dungeon.
             The game lasted 00:03:15 (851 turns).

yevrey the Ruffian (Naga Transmuter)                 Turns: 851, Time: 00:03:15

Health: 0/25       AC:  1    Str: 12    XL:     2   Next: 66%
Magic:  4/5        EV: 10    Int: 13    God:
Gold:   41         SH:  0    Dex: 11    Spells: 1 memorised, 4 levels left

rFire  . . .     SeeInvis +       - Unarmed
rCold  . . .     Clarity  .     b - +0 robe
rNeg   . . .     SustAt   .     (no shield)
rPois  +         Gourm    .     (no helmet)
rElec  .         Spirit   .     (no cloak)
rCorr  .         Warding  .     (no gloves)
rMut   .         Stasis   .     (no barding)
MR     .....                    (no amulet)
Stlth  +.........               (no ring)
                                (no ring)

@: appendage (expiring), very slow, not resistant to hostile enchantments, very
unstealthy
A: horns 2, see invisible, deformed body, poison resistance, slowness 2, slow
metabolism 1, spit poison 2, AC +0
a: Spit Poison, End Transformation


You were on level 1 of the Dungeon.
You were not hungry.
You had grown temporary horns.
You visited 1 branch of the dungeon, and saw 1 of its levels.

You collected 41 gold pieces.

Inventory:

Missiles
 a - 26 arrows
 j - 10 silver sling bullets
Armour
 b - a +0 robe (worn)
Scrolls
 e - 2 scrolls of identify {unknown}
 g - 3 scrolls of teleportation {unknown}
 i - 2 scrolls of amnesia {unknown}
Potions
 f - a potion of lignification {unknown}
 h - a potion of brilliance {unknown}
 k - a potion of might {unknown}
 l - 2 potions of resistance {unknown}
 m - a potion of curing {unknown}
Books
 c - a book of Changes

   Spells                             Type                      Level
   a - Beastly Appendage              Transmutation                1
   b - Sticks to Snakes               Transmutation                2
   c - Spider Form                    Transmutation/Poison         3
   d - Ice Form                       Ice/Transmutation            4
   e - Blade Hands                    Transmutation                5
Comestibles
 d - a bread ration


   Skills:
 + Level 1.1 Fighting
 + Level 1.7 Dodging
 + Level 0.4 Stealth
 + Level 3.5 Unarmed Combat
 + Level 2.1 Spellcasting
 + Level 2.1 Transmutations


You had 4 spell levels left.
You knew the following spells:

 Your Spells              Type           Power        Failure   Level  Hunger
a - Beastly Appendage     Trmt           #.....       12%         1    ##.....


Dungeon Overview and Level Annotations

Branches:
Dungeon (1/15)

Altars:


Innate Abilities, Weirdness & Mutations

You cannot wear boots.
Your serpentine skin is tough (AC +0).
You have supernaturally acute eyesight.
Armour fits poorly on your strangely shaped body.
Your system is resistant to poisons.
You cover ground very slowly.
You have a slow metabolism.
You can spit poison.
You have a pair of horns on your head.


Message History

You hit the hobgoblin but do no damage.
You headbutt the hobgoblin, but do no damage.
You punch the hobgoblin, but do no damage.
Your transformation is almost over.
The hobgoblin closely misses you.
You hit the hobgoblin but do no damage. Your headbutt misses the hobgoblin.
The hobgoblin closely misses you.
You hit the hobgoblin but do no damage. You hit the hobgoblin.
Your headbutt misses the hobgoblin.
The hobgoblin is lightly wounded.
The hobgoblin misses you.
You hit the hobgoblin but do no damage. The hobgoblin hits you with a whip.
You miss the hobgoblin. The hobgoblin hits you with a whip.
* * * LOW HITPOINT WARNING * * *
You hit the hobgoblin but do no damage.
The hobgoblin hits you but does no damage.
You hit the hobgoblin.
The hobgoblin is almost dead.
The hobgoblin hits you with a whip.
You die...

..........#.# [.... #.†.#..
#..........# .... #...#.#
#..........# ... #...#.#
##..........# .. #.....#
........#.#.# #.###...#.#
........#.#.# #..###.##.#
........'.#.########.# #.##.#
........###..........###.##.#
........'.'g@.........##.##.+
........###..(......#.##.##.#
........# #.........#..#.##.#
############# #.........##.#..#.#
........### #.........##......#
........'.# #.........###..##.#
........#.#####..>......# #..##.#
........#...................>##.#
#######.################....###..


You could see a hobgoblin.

Vanquished Creatures
  A giant gecko (D:1)
  2 giant cockroaches (D:1)
  3 goblins (D:1)
  A bat (D:1)
  A giant newt (D:1)
  5 kobolds (D:1)
  4 rats (D:1)
17 creatures vanquished.

Notes
Turn   | Place    | Note
--------------------------------------------------------------
     0 | D:1      | yevrey the Naga Transmuter began the quest for the Orb.
     0 | D:1      | Reached XP level 1. HP: 18/18 MP: 3/3
   212 | D:1      | Reached XP level 2. HP: 12/25 MP: 3/5
   851 | D:1      | Slain by a hobgoblin

Action                   || total
-------------------------++-------
Melee: Unarmed           ||    73
 Cast: Beastly Appendage ||    11
 Abil: Spit Poison       ||     1
